[ AOE2 MATCH · #482923883 ]
1v1 RMItalians vs Goths
Player's team · WIN
Rival team · LOSS
[ REPLAY ANALYSIS · EXTRACTED FROM THE RECORDED GAME ]
Feudal
8:53
Castle
21:44
Imperial
38:16
| APM avg | 56.4 |
| APM peak | 106 |
| eAPM avg | 31.8 |
| Villagers / military | 165 / 209 |
Focus
⚔️ 32.9% · 🌾 67.1%
Knight ×64 · Genoese Crossbowman ×62 · Scout Cavalry ×42 · Archer ×30 · Trebuchet (Packed) ×6 · Spearman ×2
Feudal
9:17
Castle
24:22
Imperial
41:20
| APM avg | 60.8 |
| APM peak | 128 |
| eAPM avg | 36.3 |
| Villagers / military | 164 / 178 |
Focus
⚔️ 47.0% · 🌾 53.0%
Spearman ×99 · Skirmisher ×55 · Knight ×15 · Monk ×5 · Scout Cavalry ×3 · Trebuchet (Packed) ×1
Match map
Initial resources + every placement click. Lines = walls · curves = elevation contours. ◆ gold · ⬟ stone · ● berries · ✦ relic · ◌ wall gap
Your base· ✓ Closed at 21:44 · 39t walls · 1 gate(s)
65岁退休在家打帝国's base· ✓ Closed at 24:22 · 48t walls · no gate
Smoothed initial terrain · ◌ = detected wall gap · hover for details
Inputs per minute
— maomao - - 65岁退休在家打帝国
Build order — maomao
First 150 of 565 actions detected
| 0:02 | Create | Villager (Male) |
| 0:02 | Create | Villager (Male) |
| 0:04 | Build | House |
| 0:05 | Build | House |
| 0:07 | Create | Villager (Male) |
| 0:16 | Create | Villager (Male) |
| 1:29 | Create | Villager (Male) |
| 1:30 | Create | Villager (Male) |
| 1:49 | Create | Villager (Male) |
| 2:00 | Build | Lumber Camp |
| 2:11 | Create | Villager (Male) |
| 2:48 | Create | Villager (Male) |
| 3:19 | Create | Villager (Male) |
| 3:33 | Build | House |
| 3:47 | Build | House |
| 3:48 | Create | Villager (Male) |
| 3:58 | Create | Villager (Male) |
| 4:23 | Create | Villager (Male) |
| 4:24 | Create | Villager (Male) |
| 4:32 | Build | Mill |
| 4:44 | Create | Villager (Male) |
| 4:47 | Create | Villager (Male) |
| 5:18 | Create | Villager (Male) |
| 5:33 | Research | Loom |
| 5:58 | Create | Villager (Male) |
| 6:31 | Research | Feudal Age |
| 7:12 | Create | Villager (Male) |
| 7:20 | Build | House |
| 7:26 | Create | Villager (Male) |
| 7:48 | Create | Villager (Male) |
| 7:56 | Build | Barracks |
| 8:53 | Age | Feudal Age |
| 8:55 | Build | Archery Range |
| 9:06 | Create | Villager (Male) |
| 9:15 | Research | Double-Bit Axe |
| 9:27 | Build | Mining Camp |
| 9:29 | Create | Villager (Male) |
| 9:35 | Build | House |
| 9:45 | Create | Spearman |
| 9:50 | Create | Villager (Male) |
| 9:55 | Build | Palisade Wall |
| 9:59 | Create | Villager (Male) |
| 10:14 | Build | House |
| 10:17 | Build | Palisade Gate |
| 10:26 | Create | Archer |
| 10:56 | Create | Villager (Male) |
| 11:02 | Create | Archer |
| 11:03 | Create | Archer |
| 11:27 | Create | Villager (Male) |
| 11:30 | Build | Mill |
| 11:39 | Build | House |
| 11:43 | Build | Palisade Wall |
| 11:50 | Create | Villager (Male) |
| 11:52 | Build | Farm |
| 11:54 | Build | Farm |
| 11:59 | Create | Archer |
| 12:12 | Build | House |
| 12:21 | Build | House |
| 12:28 | Build | Farm |
| 12:32 | Create | Villager (Male) |
| 12:36 | Create | Archer |
| 12:58 | Create | Villager (Male) |
| 13:06 | Build | Palisade Wall |
| 13:10 | Create | Spearman |
| 13:13 | Create | Archer |
| 13:39 | Create | Villager (Male) |
| 13:48 | Build | Farm |
| 13:49 | Build | Farm |
| 13:57 | Create | Villager (Male) |
| 13:59 | Build | Farm |
| 14:02 | Build | Farm |
| 14:06 | Build | Farm |
| 14:06 | Create | Archer |
| 14:10 | Create | Archer |
| 14:20 | Create | Villager (Male) |
| 14:40 | Build | Blacksmith |
| 14:42 | Create | Villager (Male) |
| 14:55 | Create | Archer |
| 15:09 | Create | Villager (Male) |
| 15:12 | Research | Fletching |
| 15:13 | Research | Fletching |
| 15:23 | Create | Villager (Male) |
| 15:26 | Build | Farm |
| 15:28 | Build | Farm |
| 15:37 | Create | Archer |
| 15:54 | Build | House |
| 16:03 | Create | Archer |
| 16:08 | Build | Palisade Wall |
| 16:11 | Build | House |
| 16:13 | Create | Villager (Male) |
| 16:41 | Research | Padded Archer Armor |
| 16:41 | Create | Villager (Male) |
| 16:47 | Create | Archer |
| 16:52 | Build | Farm |
| 16:53 | Build | Farm |
| 16:56 | Build | Farm |
| 16:57 | Create | Villager (Male) |
| 17:25 | Create | Villager (Male) |
| 17:41 | Create | Archer |
| 18:00 | Create | Villager (Male) |
| 18:03 | Build | Farm |
| 18:05 | Build | Farm |
| 18:32 | Build | Farm |
| 18:33 | Create | Villager (Male) |
| 18:37 | Build | Lumber Camp |
| 18:39 | Create | Archer |
| 18:48 | Create | Villager (Male) |
| 18:48 | Create | Archer |
| 18:59 | Research | Castle Age |
| 18:59 | Research | Castle Age |
| 19:11 | Create | Archer |
| 19:19 | Build | Archery Range |
| 19:21 | Create | Villager (Male) |
| 19:35 | Create | Archer |
| 19:49 | Create | Archer |
| 19:51 | Create | Archer |
| 20:01 | Create | Archer |
| 20:04 | Create | Archer |
| 20:25 | Create | Archer |
| 20:38 | Build | Market |
| 20:43 | Build | Farm |
| 20:44 | Research | Horse Collar |
| 21:15 | Create | Archer |
| 21:19 | Create | Archer |
| 21:21 | Create | Archer |
| 21:22 | Build | Farm |
| 21:24 | Build | Farm |
| 21:35 | Create | Villager (Male) |
| 21:41 | Create | Archer |
| 21:44 | Age | Castle Age |
| 21:45 | Research | Bodkin Arrow |
| 21:45 | Research | Bodkin Arrow |
| 21:48 | Research | Crossbowman (upgrade) |
| 21:48 | Research | Crossbowman (upgrade) |
| 22:04 | Create | Archer |
| 22:24 | Create | Archer |
| 22:37 | Create | Villager (Male) |
| 22:38 | Create | Villager (Male) |
| 22:41 | Build | Town Center |
| 22:43 | Create | Villager (Male) |
| 22:47 | Research | Gold Mining |
| 22:52 | Create | Archer |
| 23:01 | Create | Archer |
| 23:05 | Build | Farm |
| 23:32 | Create | Villager (Male) |
| 23:34 | Research | Wheelbarrow |
| 23:34 | Research | Wheelbarrow |
| 23:36 | Build | House |
| 23:36 | Build | House |
| 23:45 | Build | Farm |
Build order — 65岁退休在家打帝国
First 150 of 524 actions detected
| 0:01 | Create | Villager (Male) |
| 0:03 | Build | House |
| 0:08 | Build | House |
| 0:10 | Create | Villager (Male) |
| 0:18 | Create | Villager (Male) |
| 0:31 | Create | Villager (Male) |
| 1:26 | Create | Villager (Male) |
| 1:38 | Research | Loom |
| 1:40 | Create | Villager (Male) |
| 2:07 | Create | Villager (Male) |
| 2:28 | Create | Villager (Male) |
| 2:59 | Create | Villager (Male) |
| 3:01 | Build | Lumber Camp |
| 3:14 | Create | Villager (Male) |
| 3:29 | Create | Villager (Male) |
| 3:48 | Create | Villager (Male) |
| 4:38 | Create | Villager (Male) |
| 4:42 | Build | House |
| 4:56 | Build | Mill |
| 5:16 | Create | Villager (Male) |
| 5:29 | Create | Villager (Male) |
| 5:32 | Create | Villager (Male) |
| 5:44 | Create | Villager (Male) |
| 5:48 | Build | House |
| 6:36 | Create | Villager (Male) |
| 6:54 | Research | Feudal Age |
| 6:54 | Research | Feudal Age |
| 7:03 | Build | Palisade Wall |
| 7:40 | Build | Palisade Wall |
| 7:41 | Build | Palisade Wall |
| 8:47 | Build | Barracks |
| 8:50 | Create | Villager (Male) |
| 9:02 | Create | Villager (Male) |
| 9:17 | Age | Feudal Age |
| 9:26 | Research | Double-Bit Axe |
| 9:26 | Research | Double-Bit Axe |
| 9:27 | Create | Villager (Male) |
| 9:32 | Create | Spearman |
| 9:34 | Build | Stable |
| 9:38 | Create | Villager (Male) |
| 9:48 | Create | Villager (Male) |
| 10:01 | Build | House |
| 10:03 | Build | Palisade Wall |
| 10:16 | Create | Scout Cavalry |
| 10:19 | Build | Palisade Wall |
| 10:23 | Build | Palisade Wall |
| 10:35 | Build | Mill |
| 10:43 | Build | Farm |
| 10:47 | Create | Scout Cavalry |
| 11:00 | Create | Spearman |
| 11:11 | Build | Farm |
| 11:16 | Build | Palisade Wall |
| 11:30 | Build | House |
| 11:40 | Create | Villager (Male) |
| 12:10 | Create | Villager (Male) |
| 12:13 | Build | Farm |
| 12:29 | Build | Farm |
| 12:37 | Create | Villager (Male) |
| 12:44 | Create | Villager (Male) |
| 12:51 | Create | Villager (Male) |
| 12:55 | Build | House |
| 13:03 | Create | Villager (Male) |
| 13:05 | Build | Farm |
| 13:06 | Build | Farm |
| 13:12 | Create | Villager (Male) |
| 13:21 | Create | Scout Cavalry |
| 13:54 | Build | Farm |
| 13:55 | Create | Villager (Male) |
| 14:07 | Create | Villager (Male) |
| 14:09 | Build | Archery Range |
| 14:11 | Create | Villager (Male) |
| 14:20 | Build | Mill |
| 14:28 | Create | Villager (Male) |
| 14:34 | Create | Villager (Male) |
| 14:49 | Create | Villager (Male) |
| 14:55 | Create | Villager (Male) |
| 15:06 | Create | Skirmisher |
| 15:06 | Create | Skirmisher |
| 15:08 | Build | Farm |
| 15:09 | Create | Villager (Male) |
| 15:10 | Build | Farm |
| 15:11 | Build | Farm |
| 15:15 | Create | Villager (Male) |
| 15:24 | Create | Villager (Male) |
| 15:35 | Build | House |
| 15:45 | Build | Mining Camp |
| 16:09 | Create | Skirmisher |
| 16:10 | Create | Villager (Male) |
| 16:33 | Build | Blacksmith |
| 16:43 | Create | Skirmisher |
| 16:52 | Build | House |
| 16:53 | Build | House |
| 16:57 | Build | Palisade Wall |
| 17:00 | Research | Fletching |
| 17:01 | Research | Fletching |
| 17:21 | Create | Skirmisher |
| 17:32 | Research | Padded Archer Armor |
| 17:33 | Research | Padded Archer Armor |
| 17:46 | Create | Skirmisher |
| 18:00 | Create | Villager (Male) |
| 18:04 | Create | Villager (Male) |
| 18:33 | Create | Skirmisher |
| 18:44 | Create | Skirmisher |
| 19:00 | Create | Skirmisher |
| 19:01 | Create | Villager (Male) |
| 19:07 | Build | House |
| 19:12 | Build | Lumber Camp |
| 19:14 | Create | Villager (Male) |
| 19:15 | Build | Farm |
| 19:16 | Build | Farm |
| 19:22 | Create | Skirmisher |
| 19:23 | Create | Villager (Male) |
| 19:26 | Create | Spearman |
| 19:51 | Create | Villager (Male) |
| 20:02 | Create | Villager (Male) |
| 20:06 | Create | Skirmisher |
| 20:13 | Create | Skirmisher |
| 20:24 | Create | Skirmisher |
| 20:25 | Create | Villager (Male) |
| 20:31 | Build | Farm |
| 20:32 | Build | Farm |
| 20:33 | Build | Farm |
| 20:35 | Build | Farm |
| 20:35 | Build | Farm |
| 20:39 | Create | Skirmisher |
| 20:58 | Create | Skirmisher |
| 21:12 | Create | Villager (Male) |
| 21:42 | Research | Castle Age |
| 21:47 | Build | House |
| 21:49 | Build | House |
| 21:51 | Build | Palisade Wall |
| 21:53 | Build | Lumber Camp |
| 22:01 | Build | Lumber Camp |
| 22:21 | Create | Skirmisher |
| 22:22 | Create | Skirmisher |
| 22:58 | Build | Palisade Wall |
| 23:03 | Research | Horse Collar |
| 23:03 | Research | Horse Collar |
| 23:05 | Create | Skirmisher |
| 23:06 | Create | Villager (Male) |
| 23:07 | Create | Skirmisher |
| 23:08 | Create | Skirmisher |
| 23:18 | Research | Bloodlines |
| 23:26 | Build | Watch Tower |
| 23:47 | Create | Skirmisher |
| 23:54 | Research | Gold Mining |
| 23:55 | Research | Gold Mining |
| 23:56 | Create | Villager (Male) |
| 24:07 | Build | Mining Camp |
| 24:14 | Research | Town Watch |
Match timeline
| 7:03 | 65岁退休在家打帝国 · wall_segment Palisade Wall x3 |
| 7:40 | 65岁退休在家打帝国 · wall_segment Palisade Wall x4 |
| 7:41 | 65岁退休在家打帝国 · wall_segment Palisade Wall x13 |
| 7:56 | maomao · first_building Barracks |
| 8:47 | 65岁退休在家打帝国 · first_building Barracks |
| 8:53 | maomao · age_up feudal |
| 8:55 | maomao · first_building Archery Range |
| 9:17 | 65岁退休在家打帝国 · age_up feudal |
| 9:34 | 65岁退休在家打帝国 · first_building Stable |
| 9:55 | maomao · wall_segment Palisade Wall x12 |
| 10:03 | 65岁退休在家打帝国 · wall_segment Palisade Wall x2 |
| 10:19 | 65岁退休在家打帝国 · wall_segment Palisade Wall x3 |
| 10:23 | 65岁退休在家打帝国 · wall_segment Palisade Wall x6 |
| 11:16 | 65岁退休在家打帝国 · wall_segment Palisade Wall x16 |
| 11:43 | maomao · wall_segment Palisade Wall x14 |
| 13:06 | maomao · wall_segment Palisade Wall x12 |
| 14:09 | 65岁退休在家打帝国 · first_building Archery Range |
| 16:08 | maomao · wall_segment Palisade Wall x1 |
| 16:57 | 65岁退休在家打帝国 · wall_segment Palisade Wall x1 |
| 21:44 | maomao · age_up castle |
| 21:48 | maomao · first_market_sell 100 food |
| 21:51 | 65岁退休在家打帝国 · wall_segment Palisade Wall x1 |
| 22:58 | 65岁退休在家打帝国 · wall_segment Palisade Wall x1 |
| 23:52 | maomao · first_market_buy 100 wood |
| 24:02 | maomao · first_building Stable |
| 24:22 | 65岁退休在家打帝国 · age_up castle |
| 27:33 | maomao · first_building Monastery |
| 30:27 | 65岁退休在家打帝国 · first_building Monastery |
| 31:09 | 65岁退休在家打帝国 · wall_segment Palisade Wall x1 |
| 36:31 | maomao · first_building Castle |
| 37:59 | 65岁退休在家打帝国 · first_building Castle |
| 38:08 | 65岁退休在家打帝国 · first_market_buy 100 food |
| 38:16 | maomao · age_up imperial |
| 40:18 | 65岁退休在家打帝国 · wall_segment Palisade Wall x4 |
| 40:19 | 65岁退休在家打帝国 · wall_segment Palisade Wall x3 |
| 41:20 | 65岁退休在家打帝国 · age_up imperial |
| 46:54 | 65岁退休在家打帝国 · resign |
[ AI ANALYSIS · 1 CREDIT ]
What really happened in this match?
Wolo.gg analyzes every decision: build order, eco, micro, common mistakes by bracket. Personalized analysis on WhatsApp or Discord in 30 seconds.
Civ guide
Italians
Map guide
Arabia
Perfil
Jugador #4474497